 Dungeon Crawl Stone Soup version 0.29.1-12-g30fa7ad0bf (webtiles) character file.

Game seed: 15944888032605084695

35 fishmans the Cudgeller (level 3, -1/23 HPs)
             Began as a Gargoyle Fighter on Jan 6, 2023.
             Slain by Natasha (5 damage)
             ... on level 1 of the Dungeon.
             The game lasted 00:03:11 (1532 turns).

fishmans the Cudgeller (Gargoyle Fighter)           Turns: 1532, Time: 00:03:11

Health: -1/23      AC: 10    Str: 21    XL:     3   Next: 35%
Magic:  3/3        EV:  9    Int:  8    God:
Gold:   70         SH:  4    Dex:  9    Spells: 2/2 levels left

rFire   . . .      SeeInvis .   a - +0 flail
rCold   . . .      Faith    .   c - +0 buckler
rNeg    + . .      Spirit   .   b - +0 scale mail
rPois   ∞          Reflect  .   (no helmet)
rElec   +          Harm     .   (no cloak)
rCorr   .          Rampage  .   (no gloves)
Will    .....                   (no boots)
Stlth   ..........              (no amulet)
HPRegen 0.07/turn               (no ring)
MPRegen 0.08/turn               (no ring)

@: mighty
A: sickness immunity, AC +3, negative energy resistance 1, electricity
resistance, torment resistance 1, petrification resistance
a: no special abilities


You were on level 1 of the Dungeon.
You visited 1 branch of the dungeon, and saw 2 of its levels.

You collected 70 gold pieces.

Inventory:

Hand Weapons
 a - a +0 flail (weapon)
Armour
 b - a +0 scale mail (worn)
 c - a +0 buckler (worn)
Scrolls
 h - a scroll of poison {unknown}
Potions
 e - a potion of curing {unknown}
 f - a potion of flight {unknown}
 g - 2 potions of berserk rage {unknown}
 i - 2 potions of ambrosia {unknown}


   Skills:
 - Level 3.2 Fighting
 + Level 3.7 Maces & Flails
 - Level 3.2 Armour
 - Level 3.2 Shields


You had 2 spell levels left.
You didn't know any spells.
Your spell library contained the following spells:

 Spells                   Type           Power      Damage    Failure   Level
 Slow                     Hex            0%         N/A       83%         1
 Confusing Touch          Hex            0%         N/A       99%         3
 Vampiric Draining        Necr           0%         2d6       99%         3
 Dispersal                Tloc           0%         N/A       100%        6
 Disjunction              Tloc           0%         N/A       100%        8


Dungeon Overview and Level Annotations

Branches:
Dungeon (2/15)

Altars:

Shops:
D:2 !

Annotations:
D:1 Natasha


Innate Abilities, Weirdness & Mutations

You are immune to sickness and miasma.
Your stone body is resilient. (AC +3)
You are immune to poison.
You resist negative energy. (rN+)
You are resistant to electric shocks. (rElec)
You are resistant to unholy torment.
You are immune to petrification.


Message History

Natasha mumbles some strange words.
The frilled lizard bites you but does no damage.
You block the frilled lizard's attack. Natasha claws you but does no damage.
You block the frilled lizard's attack.
Natasha wildly gestures.
Natasha's front paws start to glow.
Natasha claws you. The frilled lizard bites you. Natasha casts a spell at you.
The magic dart hits you but does no damage.
There is a stone staircase leading up here.
You feel yourself speed up. Natasha casts a spell at you.
You resist with significant effort.
The frilled lizard bites you but does no damage.
Natasha claws you but does no damage.
You climb upwards.
The white imp disappears in a puff of smoke!
There is a stone staircase leading down here.
You feel very mighty all of a sudden. The frilled lizard bites you.
Natasha barely misses you.
You closely miss Natasha. Natasha casts a spell at you.
The magic dart hits you.
The frilled lizard bites you but does no damage.
Natasha claws you. The frilled lizard barely misses you.
You closely miss Natasha. Natasha closely misses you. Natasha claws you.
* * * LOW HITPOINT WARNING * * *
The frilled lizard bites you but does no damage.
You closely miss Natasha. Natasha claws you.
* * * LOW HITPOINT WARNING * * *
The frilled lizard bites you but does no damage.
Natasha claws you but does no damage.
You thump Natasha!
Natasha is almost dead.
Natasha claws you but does no damage.
The frilled lizard bites you but does no damage.
Natasha mumbles some strange words.
Natasha shimmers violently.
Natasha claws you.
You die...

[.................[#.......#
#################.##.#####.#
....#.....# #.##.# #.#
###.#.###.# #.##.# #.# #.#.#
#.# #.##.# #.# #.#.###.#
#.##.# #.# ###'#...#.#
#.##.# #.#
........#.#######l##.# #.#
...............h@....# #.#
........#######..#...# #.#
........#............#####.#
........#...###......##....#
........#............##.####
........#.######.######.#
........#.......).......#
........########.########
###'###...........#


You could see Natasha (fast) and a frilled lizard.

Vanquished Creatures
  An adder (D:2)
  2 ball pythons
  2 giant cockroaches
  4 goblins (D:1)
  2 hobgoblins
  2 quokkas (D:1)
  5 bats
  A frilled lizard (D:1)
  A kobold (D:2)
  5 rats (D:1)
25 creatures vanquished.

Notes
Turn   | Place    | Note
-------+----------+-------------------------------------------
     0 | D:1      | fishmans the Gargoyle Fighter began the quest for the Orb.
     0 | D:1      | Reached XP level 1. HP: 14/14 MP: 1/1
   413 | D:1      | Reached XP level 2. HP: 16/19 MP: 2/2
  1280 | D:2      | Found Vahuacvi's Distillery.
  1380 | D:2      | Reached XP level 3. HP: 22/23 MP: 3/3
  1516 | D:2      | Noticed Natasha
  1532 | D:1      | Slain by Natasha

Illustrated notes

Levels and vault maps discovered:
D:1:      lightli_arrival_statue_moat, layout_basic, serial_bayou_ford_a
D:2:      layout_rooms, serial_shops, shop, uniq_natasha

Skill      XL: |  1  2 |
---------------+-------+-----
Maces & Flails | 3 |  3.7
Fighting       | |  3.2
Armour         | |  3.2
Shields        | |  3.2

Action                   || total
-------------------------++-------
Melee: Flail             ||    88
  Use: Scroll            ||     1
       Potion            ||     1
Armor: Scale mail        ||    59
Dodge: Dodged            ||    43
Block: Buckler           ||    23
